 Dungeon Crawl Stone Soup version 0.19.4-10-g532645f (webtiles) character file.

53544 nikopol the Severer (level 14, -3/190 HPs)
             Began as a Minotaur Berserker on Feb 24, 2017.
             Was a High Priest of Trog.
             Slain by an orc warrior
             ... wielding a +0 glaive
             ... led by an orc warlord
              (5 damage)
             ... while paralysed by an orc sorcerer
             ... on level 1 of the Orcish Mines.
             The game lasted 01:05:06 (19333 turns).

nikopol the Severer (Minotaur Berserker)           Turns: 19333, Time: 01:05:07

Health: -3/190     AC: 14    Str: 31    XL:     14   Next: 31%
Magic:  13/13      EV:  2    Int:  4    God:    Trog [*****.]
Gold:   1323       SH:  0    Dex: 14    Spells: 0 memorised, 13 levels left

rFire  . . .     SeeInvis .     a - +4 battleaxe (chop)
rCold  . . .     Gourm    .     e - +0 scale mail
rNeg   . . .     Faith    .     (shield currently unavailable)
rPois  +         Spirit   .     (helmet restricted)
rElec  .         Reflect  .     W - +1 cloak
rCorr  .         Harm     .     (no gloves)
MR     +....                    p - +1 pair of boots
Stlth  ..........               N - amulet of regeneration
                                B - +3 ring of strength
                                K - ring of poison resistance

@: paralysed, berserking (expiring), drained
A: retaliatory headbutt, horns 2
a: Berserk, Trog's Hand, Brothers in Arms, Burn Spellbooks, Renounce Religion


You were on level 1 of the Orcish Mines.
You worshipped Trog.
Trog was extremely pleased with you.
You were very hungry.

You visited 3 branches of the dungeon, and saw 17 of its levels.
You also visited: Sewer and Ossuary.

You collected 1323 gold pieces.

Inventory:

Hand Weapons
 a - a +4 battleaxe of chopping (weapon)
 z - a +4 shortbow of velocity
 Q - the +6 broad axe of the Open Hand {vamp, Str+3}
   (Trog gifted it to you on level 1 of the Orcish Mines)

   It inflicts no extra harm, but heals its wielder when it wounds a living foe.
   It affects your strength (+3).
Missiles
 t - 146 arrows (quivered)
Armour
 e - a +0 scale mail (worn)
 p - a +1 pair of boots (worn)
 J - a +0 cloak
 W - a +1 cloak (worn)
Jewellery
 n - an uncursed ring of flight
 o - an uncursed ring of fire {unknown}
 B - a +3 ring of strength (right hand)
 K - a ring of poison resistance (left hand)
 M - an uncursed ring of fire {unknown}
 N - an amulet of regeneration (around neck)
Wands
 j - a wand of hasting (2/9)
 m - a wand of polymorph (3/24)
 x - a wand of paralysis (16/24)
 O - a wand of confusion (16/48)
 U - a wand of teleportation (6/9)
Scrolls
 b - a scroll of blinking
 d - 4 scrolls of identify
 r - 4 scrolls of fear
 s - 11 scrolls of teleportation
 u - 2 scrolls of magic mapping
 w - 11 scrolls of remove curse
 y - 3 scrolls of enchant weapon
 D - a scroll of summoning
 H - 3 scrolls of enchant armour
 L - 3 scrolls of fog
 Y - a scroll of vulnerability {unknown}
Potions
 f - 9 potions of curing
 g - 5 potions of brilliance
 h - 4 potions of haste
 i - 2 potions of magic
 l - 4 potions of flight
 q - a potion of agility
 v - a potion of might
 C - a potion of resistance
 I - 2 potions of cancellation
 P - a potion of cure mutation {unknown}
 T - a potion of beneficial mutation {unknown}
 X - a potion of heal wounds {unknown}
Comestibles
 c - 13 bread rations
 k - 8 meat rations
 A - 4 beef jerkies
 E - a royal jelly
 F - 9 slices of pizza
 G - 2 fruits


   Skills:
 + Level 12.5(12.2) Fighting
 * Level 15.4(15.1) Axes
 * Level 12.9(12.6) Bows
 + Level 12.7(12.4) Armour
 + Level 11.7(11.4) Dodging


You had 13 spell levels left.
You didn't know any spells.

Dungeon Overview and Level Annotations

Branches:
Dungeon (9/15)             Temple (0/1) D:5            Lair (6/6) D:8
 Shoals (0/4) Lair:2        Snake (0/4) Lair:4        Slime (0/5) Lair:6
    Orc (2/2) D:9             Elf (0/3) Orc:2

Altars:
Elyvilon
Gozag
Hepliaklqana
Okawaru
Qazlal
Ru
Trog
Yredelemnul
Beogh
Jiyva

Shops:
D:8 !


Innate Abilities, Weirdness & Mutations

You reflexively headbutt those who attack you in melee.
You have a pair of horns on your head.


Message History

* * * LOW HITPOINT WARNING * * *
The orc warrior burns you.
* * * LOW HITPOINT WARNING * * *
The orc sorcerer mumbles some strange words.
You barely miss the orc sorcerer. You closely miss the orc warrior.
The orc warrior misses you.
The orc warrior hits you from afar with a glaive.
* * * LOW HITPOINT WARNING * * *
You slash the orc sorcerer! Your headbutt misses the orc sorcerer.
The orc sorcerer is moderately wounded.
You slice the orc warrior!!
You kill the orc warrior!
Trog accepts your kill.
The red devil hits you but does no damage.
The orc sorcerer casts a spell at you.
You suddenly lose the ability to move!
The orc warrior hits you but does no damage.
The orc sorcerer hits you but does no damage.
The orc warrior hits you from afar with a glaive.
You die...

# ###########
...##..4#.....##
......).).......
......o@>)......
.#....))))......
.......o.o......
................
....##....##..##
.... #....# ...#
.## ##.... ...
...... ..


You could see an orc sorcerer, a red devil and 2 orc warriors.

Vanquished Creatures
  An orc warlord (Orc:1)
  5 hydras
  3 catoblepae (Lair:6)
  Urug (Orc:1)
  2 orc high priests
  17 death yaks
  A fire crab (Lair:6)
  Sonja (Lair:2)
  Pikel (D:7)
  An oklob plant (Lair:1)
  A cyclops (Orc:2)
  An orc sorcerer (Orc:2)
  7 black mambas (Lair:4)
  3 elephants (Lair:6)
  Joseph (D:7)
  The ghost of cotteux the Cleaver, a novice MiBe of Trog (D:4)
  2 rime drakes
  13 spiny frogs
  6 komodo dragons
  A polar bear (Lair:5)
  Grinder (D:5)
  Prince Ribbit (Lair:1)
  16 blink frogs
  5 hippogriffs
  10 dream sheep
  A spriggan (Lair:4)
  4 wyverns
  3 basilisks
  2 wraiths (Ossuary)
  13 yaks
  A human (D:7)
  4 hogs (D:7)
  2 hungry ghosts
  Menkaure (D:7)
  A warg (Orc:1)
  2 nagas (Lair:4)
  Duvessa (D:7)
  17 water moccasins
  4 porcupines
  19 orc warriors
  2 sky beasts (D:8)
  3 slaves (D:7)
  4 ice beasts
  9 ogres
  3 phantoms
  5 wolves (Lair:5)
  2 centaurs
  11 crocodiles
  17 bullfrogs
  2 big kobolds
  Dowan (D:7)
  3 scorpions
  9 killer bees
  8 wights
  2 howler monkeys
  8 electric eels
  4 crimson imps
  9 orc priests
  3 jellies (Lair:6)
  Crazy Yiuf (D:7)
  2 hounds
  2 bullfrog skeletons (D:9)
  5 iguanas
  Natasha (thrice) (D:3)
  14 orc wizards
  A centaur skeleton (D:9)
  5 worker ants
  A hound skeleton (D:4)
  A worker ant zombie (D:3)
  3 gnolls (D:7)
  A howler monkey skeleton (D:6)
  4 river rats
  11 adders
  3 shadow imps
  2 adder zombies
  An adder skeleton (D:8)
  A worm (D:2)
  2 dart slugs
  2 leopard geckos
  80 orcs
  3 ball pythons
  8 giant cockroaches
  7 goblins
  8 hobgoblins
  21 jackals
  5 quokkas
  2 ball python skeletons (Ossuary)
  22 bats
  13 frilled lizards
  2 gnoll zombies (D:6)
  4 hobgoblin zombies (Ossuary)
  5 kobolds
  2 leopard gecko skeletons
  A leopard gecko zombie (D:5)
  2 orc skeletons (Ossuary)
  19 rats
  A bush (Lair:1)
  15 fungi
  20 plants
587 creatures vanquished.

Vanquished Creatures (collateral kills)
  A spiny frog (Lair:6)
  A hippogriff (Lair:1)
2 creatures vanquished.

Vanquished Creatures (others)
  A hungry ghost (D:7)
  An orc wizard (Orc:1)
  A quokka (D:3)
  A bat (D:3)
  10 fungi
  8 plants (Lair:6)
22 creatures vanquished.

Grand Total: 611 creatures vanquished

Notes
Turn   | Place    | Note
-------+----------+-------------------------------------------
     0 | D:1      | nikopol the Minotaur Berserker began the quest for the Orb.
     0 | D:1      | Reached XP level 1. HP: 19/19 MP: 0/0
   272 | D:1      | Reached XP level 2. HP: 27/27 MP: 1/1
   447 | D:1      | Reached skill level 4 in Axes
  1043 | D:2      | Reached XP level 3. HP: 23/33 MP: 2/2
  1200 | D:2      | Reached ** piety under Trog
  1634 | D:2      | Found a bloodstained altar of Trog.
  1971 | D:3      | Reached XP level 4. HP: 40/40 MP: 3/3
  2040 | D:3      | Noticed Natasha
  2045 | D:3      | Killed Natasha
  2118 | D:3      | Noticed Natasha
  2125 | D:3      | Killed Natasha
  2125 | D:3      | Reached XP level 5. HP: 41/47 MP: 4/4
  2415 | D:3      | Noticed Natasha
  2416 | D:3      | Found a white marble altar of Elyvilon.
  2422 | D:3      | Killed Natasha
  2638 | D:3      | Reached *** piety under Trog
  2706 | D:4      | Noticed cotteux's ghost (novice MiBe)
  2716 | D:4      | Reached skill level 5 in Axes
  2719 | D:4      | Killed cotteux's ghost
  2719 | D:4      | Reached skill level 5 in Fighting
  2719 | D:4      | Reached skill level 5 in Armour
  2719 | D:4      | Reached XP level 6. HP: 35/56 MP: 5/5
  2719 | D:4      | Reached XP level 7. HP: 37/61 MP: 6/6
  2742 | D:4      | Found a sand-covered staircase.
  2748 | Ossuary  | Entered an ossuary
  2981 | Ossuary  | Noticed a wraith
  2981 | Ossuary  | Noticed a flying skull
  3027 | Ossuary  | Noticed a flying skull
  3034 | Ossuary  | Noticed a wraith
  3041 | Ossuary  | Killed a wraith
  3041 | Ossuary  | Reached skill level 6 in Axes
  3041 | Ossuary  | Reached skill level 5 in Dodging
  3222 | Ossuary  | Noticed a flying skull
  3224 | Ossuary  | Noticed a flying skull
  3230 | Ossuary  | Noticed a wraith
  3234 | Ossuary  | Killed a wraith
  3337 | D:4      | Reached XP level 8. HP: 64/71 MP: 7/7
  3356 | D:4      | Found a glowing drain.
  3382 | Sewer    | Entered a sewer
  3547 | Sewer    | Reached **** piety under Trog
  3731 | D:4      | Found an opulent altar of Gozag.
  3993 | D:5      | Entered Level 5 of the Dungeon
  4146 | D:5      | Found a staircase to the Ecumenical Temple.
  4161 | D:5      | Reached skill level 7 in Axes
  4446 | D:5      | Found a stormy altar of Qazlal.
  4453 | D:5      | Found a sacrificial altar of Ru.
  4460 | D:5      | Found a hazy altar of Hepliaklqana.
  4525 | D:5      | Noticed Grinder
  4528 | D:5      | Paralysed by Grinder for 7 turns
  4542 | D:5      | Killed Grinder
  5148 | D:6      | Found a basalt altar of Yredelemnul.
  5223 | D:6      | Reached skill level 1 in Bows
  5230 | D:6      | Reached XP level 9. HP: 69/80 MP: 8/8
  5544 | D:7      | Noticed Pikel
  5548 | D:7      | Noticed Duvessa
  5548 | D:7      | Noticed Dowan
  5570 | D:7      | Killed Duvessa
  5570 | D:7      | Reached skill level 8 in Axes
  5582 | D:7      | Killed Pikel
  5589 | D:7      | Killed Dowan
  5806 | D:7      | Noticed Joseph
  5806 | D:7      | Paralysed by Joseph for 2 turns
  5811 | D:7      | Paralysed by Joseph for 3 turns
  5825 | D:7      | Killed Joseph
  6025 | D:7      | Reached skill level 9 in Axes
  6047 | D:7      | Noticed Menkaure
  6054 | D:7      | Killed Menkaure
  6344 | D:7      | Reached ***** piety under Trog
  6344 | D:7      | Reached skill level 5 in Bows
  6344 | D:7      | Reached XP level 10. HP: 64/90 MP: 9/9
  6824 | D:7      | Found a runed door.
  6828 | D:7      | Noticed Crazy Yiuf
  6832 | D:7      | Killed Crazy Yiuf
  7089 | D:8      | Reached skill level 10 in Axes
  7531 | D:8      | Found a staircase to the Lair.
  7959 | D:8      | Received a gift from Trog
  8658 | Lair:1   | Entered Level 1 of the Lair of Beasts
  8788 | D:8      | Found Pachuny's Distillery.
  8922 | Lair:1   | Received a gift from Trog
  9006 | Lair:1   | Noticed Prince Ribbit
  9039 | Lair:1   | Reached XP level 11. HP: 29/97 MP: 10/10
  9301 | Lair:1   | Reached skill level 11 in Axes
  9531 | Lair:1   | Noticed an eight-headed hydra
  9538 | Lair:1   | Killed an eight-headed hydra
 10047 | Lair:1   | Killed Prince Ribbit
 10136 | Lair:1   | Noticed an oklob plant
 10424 | Lair:1   | Killed an oklob plant
 10823 | Lair:2   | Found a staircase to the Shoals.
 10875 | Lair:2   | Reached skill level 10 in Fighting
 11149 | Lair:2   | Noticed Sonja
 11252 | Lair:2   | Killed Sonja
 11252 | Lair:2   | Reached skill level 10 in Armour
 12073 | Lair:3   | Reached skill level 12 in Axes
 12121 | Lair:3   | Identified Adduwk's Reference Book on Enchanting Creation
 12937 | Lair:4   | Reached XP level 12. HP: 62/107 MP: 11/11
 13479 | Lair:4   | Reached skill level 10 in Bows
 13482 | Lair:4   | Reached skill level 10 in Dodging
 13596 | Lair:4   | Found a staircase to the Snake Pit.
 13920 | Lair:4   | Noticed a death yak
 13938 | Lair:4   | Killed a death yak
 14192 | Lair:4   | Reached skill level 13 in Axes
 14358 | Lair:5   | Received a gift from Trog
 14538 | Lair:5   | Noticed a six-headed hydra
 14549 | Lair:5   | Killed a three-headed hydra
 14780 | Lair:5   | Noticed a five-headed hydra
 14786 | Lair:5   | Killed a five-headed hydra
 15219 | Lair:6   | Entered Level 6 of the Lair of Beasts
 15367 | Lair:6   | Reached XP level 13. HP: 116/116 MP: 12/12
 15730 | Lair:6   | Found a runed door.
 15730 | Lair:6   | Found a viscous altar of Jiyva.
 15730 | Lair:6   | Found a staircase to the Slime Pits.
 15750 | Lair:6   | Reached skill level 14 in Axes
 16559 | Lair:6   | Received a gift from Trog
 16937 | Lair:6   | Reached skill level 15 in Axes
 16978 | Lair:6   | Reached XP level 14. HP: 92/126 MP: 13/13
 17587 | D:9      | Found a roughly hewn altar of Beogh.
 17713 | D:9      | Received a gift from Trog
 17985 | D:9      | Found an iron altar of Okawaru.
 18097 | D:9      | Found a staircase to the Orcish Mines.
 18444 | Orc:1    | Entered Level 1 of the Orcish Mines
 18562 | Orc:2    | Entered Level 2 of the Orcish Mines
 18698 | Orc:2    | Paralysed by an orc sorcerer for 4 turns
 18842 | Orc:2    | Found a staircase to the Elven Halls.
 18874 | Orc:1    | Noticed Urug
 18886 | Orc:1    | Killed Urug
 19090 | Orc:1    | Received a gift from Trog
 19107 | Orc:1    | Got a steaming broad axe {god gift}
 19114 | Orc:1    | Identified the +6 broad axe of the Open Hand {vamp, Str+3} (Trog gifted it to you on level 1 of the Orcish Mines)
 19312 | Orc:1    | Noticed an orc warlord
 19322 | Orc:1    | Killed an orc warlord
 19330 | Orc:1    | HP: 8/190 [orc warrior/halberd of flaming[an orc warlord] (14)]
 19330 | Orc:1    | HP: 2/190 [orc warrior/halberd of flaming[an orc warlord] (6)]
 19332 | Orc:1    | Paralysed by an orc sorcerer for 5 turns
 19333 | Orc:1    | Slain by an orc warrior

Skill      XL: |  1  2  3  4  5  6  7  8  9 10 11 12 13 |
---------------+----------------------------------------+-----
Axes           | 4 5 6 7 9 10 12 13 15 | 15.4
Armour         | 3 4 5 6 7 8 9 10 11 12 | 12.7
Fighting       | 4 5 6 7 8 9 10 11 12 | 12.5
Dodging        | 3 4 5 6 7 8 9 10 11 | 11.7
Bows           | 1 5 7 9 11 12 | 12.9

Action                   |  1- 3 |  4- 6 |  7- 9 | 10-12 | 13-15 || total
-------------------------+-------+-------+-------+-------+-------++-------
Melee: Hand axe          |    86 |    58 |   236 |   459 |   153 ||   992
       Headbutt          |    14 |     3 |    40 |   141 |    75 ||   273
       Battleaxe         |       |       |       |       |    72 ||    72
 Fire: Shortbow          |       |       |    68 |   438 |   303 ||   809
Invok: Berserk           |     1 |     1 |     4 |     2 |     4 ||    12
       Trog's Hand       |       |       |     1 |     1 |       ||     2
       Burn Spellbooks   |       |       |     1 |     3 |       ||     4
       Brothers in Arms  |       |       |       |     1 |       ||     1
  Use: Scroll            |       |       |    16 |     7 |     3 ||    26
       Potion            |       |       |       |     1 |       ||     1
  Eat: Chunk             |     3 |     4 |    11 |    25 |    16 ||    59
       Beef jerky        |       |       |     1 |     3 |       ||     4
       Bread ration      |       |       |     1 |       |       ||     1
       Fruit             |       |       |       |       |     1 ||     1
Armor: Scale mail        |    38 |    18 |    68 |    91 |    76 ||   291
Dodge: Dodged            |    45 |    24 |   124 |   241 |   180 ||   614
